[Event "Budapest One Week GM-A 03-2025"]
[Site "Budapest"]
[Date "2025.03.17"]
[Round "1.1"]
[White "Lu, Maximillian"]
[Black "Berczes, David"]
[Result "0-1"]
[Annotator "TA"]
[ECO "A13"]
[WhiteElo "2392"]
[BlackElo "2408"]
[PlyCount "78"]
[EventDate "2025.03.17"]
[EventType "tourn"]
[EventCountry "HUN"]
[SourceTitle "playchess.com"]
[Source "ChessBase"]
[SourceQuality "1"]
[TimeControl "5400+30"]

1. c4 e6 2. Nf3 d5 3. g3 Nf6 4. Bg2 Be7 5. d4 O-O 6. O-O a5 7. Nc3 {[%emt 0:01:12] E06: Closed Catalan: Early deviations.} c6 8. Nd2 b5 9. cxb5 {[%emt 0:05:47] White is slightly better.} cxb5 10. Nxb5 Qb6 11. a4 Ba6 (11... Nc6 $11 {remains equal.}) 12. Nc4 $16 dxc4 $146 ({Predecessor:} 12... Qd8 13. Bf4 Nc6 14. Bc7 Qe8 15. Nb6 Bxb5 16. axb5 Ra7 {1-0 Wheeler,C (2398)-Bruzon Batista,L (2645) US Collegiate Blitz 2021 (2.105)}) 13. Bxa8 Nc6 14. Bxc6 Qxc6 15. Bd2 Bb7 (15... Bxb5 $142 16. axb5 Qxb5 17. Bxa5 (17. Rxa5 Qxb2 18. Bg5 Qb6 $18) 17... Qxb2) 16. f3 $1 $18 (16. Bxa5 $2 Qh1#) 16... e5 17. Kh1 Rd8 (17... exd4 $142 18. Bxa5 (18. Nxd4 Qc5 $16) 18... Qa6) 18. Bxa5 Rd7 19. Bc3 e4 20. Qc1 Qe6 21. Qf4 h6 22. Qe5 Qh3 23. d5 Bxd5 24. a5 (24. Rf2 $1 $18) 24... Bf8 (24... Bc5 $16 25. Nd4 exf3 26. exf3 Ng4) 25. Nd4 $1 exf3 26. exf3 Bd6 {[%emt 0:02:17] [#]} 27. Qe2 Nh5 (27... Ng4 {is a better defense.} 28. a6 Bc5) 28. Kg1 Bc5 29. Rad1 (29. Qe8+ $18 Kh7 30. Qe2) 29... Rd6 $16 30. Qg2 Qd7 31. Kh1 Ba8 32. Qf2 Nf6 {[%emt 0:00:57] [#]} 33. Rfe1 $2 ({White should try} 33. Qe3 $1 $18) 33... Ng4 $2 (33... g5 $1 $11 {and Black has nothing to worry.}) 34. Qe2 {[%emt 0:00:01] Threatens to win with Qe8+.} Kh7 35. Qxc4 Qf5 {[%emt 0:00:29][%cal Of5f3] ( -> ...Qxf3+!)} 36. Kg2 {[%emt 0:00:32][%mdl 8192] [#]} (36. Nxf5 $2 Bxf3#) (36. Qf1 $18 Qh5 37. Re2) 36... Rxd4 $1 $19 37. Bxd4 (37. Qe2 Rxd1) 37... Qxf3+ {[%emt 0:00:08] Black mates.} 38. Kh3 Qg2+ 39. Kxg4 Qf3+ {[%emt 0:00:05] Quite a comeback for Black.   Weighted Error Value: White=0.50/Black=0.24 (precise)   Loses game:     	---       	Black=1      Missed win:     	White=2     	---        Mistake:       	White=2     	Black=5      Inaccurate:     	White=2     	Black=2      OK:         	White=9     	Black=10     Best:        	White=3     	Black=1      Strong:       	White=2     	---        Brilliant:      	---       	Black=1} 0-1

[Event "Budapest One Week GM-A 03-2025"]
[Site "Budapest"]
[Date "2025.03.17"]
[Round "1.2"]
[White "Jake Shanty"]
[Black "Sandoval Mercado, Carlos"]
[Result "1/2-1/2"]
[Annotator "TA"]
[ECO "D45"]
[WhiteElo "2336"]
[BlackElo "2383"]
[PlyCount "240"]
[EventDate "2025.03.17"]
[EventType "tourn"]
[EventCountry "HUN"]
[SourceTitle "playchess.com"]
[Source "ChessBase"]
[SourceQuality "1"]
[TimeControl "5400+30"]

1. d4 Nf6 2. c4 e6 3. Nf3 d5 4. Nc3 c6 5. e3 Nbd7 6. Qc2 Bd6 7. Bd3 O-O 8. O-O dxc4 9. Bxc4 b5 10. Bd3 Bb7 11. a3 Qe7 12. Rd1 g6 13. Bd2 a5 14. Rac1 e5 15. Ne4 Nxe4 16. Bxe4 Rfc8 17. dxe5 Nxe5 18. Bc3 Nc4 19. Nd2 Nb6 20. Nb3 b4 21. axb4 axb4 22. Bd4 c5 23. Bxb7 Qxb7 24. Bxc5 Bxc5 25. Nxc5 Qe7 26. Qe4 Qxe4 27. Nxe4 Rxc1 28. Rxc1 Ra2 29. b3 Rb2 30. Nc5 Nd5 31. g4 Nc3 32. Kg2 Kg7 33. Kf3 Nb1 34. Kg3 Nd2 35. Rd1 Rc2 36. Nd3 Ne4+ 37. Kf3 Nd2+ 38. Kg3 Ne4+ 39. Kf3 Nd2+ 40. Kf4 (40. Kg2 $14) 40... Nxb3 $11 41. Rb1 Nc5 (41... Rc3 $11 42. Ne1 Rc4+ 43. Ke5 Na5 (43... Nd2 44. Rb2 $11)) 42. Nxc5 $14 (42. Nxb4 Rxf2+ 43. Ke5 Nd7+ (43... Rxh2 $2 44. Rg1 $19) 44. Kd6 Rd2+ 45. Kc7 Nf6 $19) 42... Rxc5 43. Rxb4 h5 44. h3 hxg4 45. hxg4 g5+ 46. Kg3 Kg6 47. Rb6+ f6 48. Rb7 Rc3 49. Kf3 Ra3 50. Rb2 Rc3 51. Rd2 Rb3 52. Ra2 Rc3 53. Ra4 Rc2 54. Kg3 Rc3 55. Re4 Ra3 56. Re7 Rb3 57. Rd7 Ra3 58. Kf3 Ra2 59. Rd3 Ra4 60. Kg3 Ra1 61. Rd5 Ra3 62. Kg2 Rb3 63. e4 Kf7 64. Rf5 Kg6 65. f3 Ra3 66. Kg3 Rb3 67. Rc5 Kf7 68. Rc6 Ra3 69. Rc7+ Ke6 70. Rc5 Kf7 71. Rb5 Rc3 72. Kf2 Ra3 73. e5 fxe5 74. Rxe5 Kf6 75. Rb5 Rc3 76. Rb6+ Kf7 77. Ke2 Ra3 78. Rd6 Rb3 79. Rd3 Rb1 80. Rd6 Rb3 81. Rd3 Rb1 82. Ke3 Re1+ 83. Kd2 Ra1 84. Rd5 Kf6 85. Rd6+ Kf7 86. Ke3 Re1+ 87. Kd4 Re2 88. Ra6 Re1 89. Ra3 Kf6 90. Ra6+ Kf7 91. Ra3 Kf6 92. Ra5 Rd1+ 93. Ke3 Re1+ 94. Kd2 Rb1 95. Ra6+ Kf7 96. Rc6 Rb3 97. Rc3 Rb1 98. Kd3 Rb4 99. Rc4 Rxc4 100. Kxc4 Ke6 $1 101. Kc3 Ke5 102. Kd3 Kd5 $1 ({But not} 102... Kf4 $2 103. Ke2 Ke5 104. Ke3 $18) 103. Kc3 Ke5 104. Kd2 (104. Kd3 $5 Kd5 $8 (104... Kf4 $2 105. Ke2 $18) 105. Kd2 $11) 104... Kd6 105. Ke2 Ke6 $1 106. Kf2 Kf6 107. Kf1 Kf7 108. Ke1 Ke7 109. Kd1 Kd7 110. Kc1 Ke6 111. Kc2 (111. Kd2 $5) 111... Ke5 112. Kd2 (112. Kd3 $5 Kd5 $8 (112... Kf4 $2 113. Ke2 $18) 113. Ke2 $11) 112... Kd6 113. Ke2 $1 Ke6 $1 114. Kf2 Kf6 115. Kg1 Ke6 116. Kh2 Ke7 117. Kg3 Ke6 118. Kg2 Ke7 119. Kg1 Ke6 120. Kf2 Ke5 $2 (120... Kf6 $11) 1/2-1/2

[Event "Budapest One Week GM-A 03-2025"]
[Site "Budapest"]
[Date "2025.03.17"]
[Round "1.3"]
[White "Kairbekova, Amina"]
[Black "Uskov, Artem"]
[Result "1/2-1/2"]
[Annotator "TA"]
[ECO "B48"]
[WhiteElo "2336"]
[BlackElo "2461"]
[PlyCount "73"]
[EventDate "2025.03.17"]
[EventType "tourn"]
[EventCountry "HUN"]
[SourceTitle "playchess.com"]
[Source "ChessBase"]
[SourceQuality "1"]
[TimeControl "5400+30"]

1. e4 c5 2. Nf3 e6 3. d4 cxd4 4. Nxd4 Nc6 5. Nc3 Qc7 6. Be3 a6 7. a3 b5 8. Nxc6 Qxc6 {[%emt 0:00:07] B48: Sicilian: Taimanov: 5 Nc3 Qc7 6 Be3 a6 without Be2.} 9. h4 Nf6 10. h5 Nxe4 {[%emt 0:02:15] The position is equal.} 11. Nxe4 Qxe4 12. Be2 {[%emt 0:00:15] White sacrificed a pawn} Rb8 13. Qd2 h6 ({Black should try} 13... Qxg2 $15 14. O-O-O Qc6) 14. O-O-O $146 {[%emt 0:00:22][%mdl 1024] White has compensation.} (14. Bf3 Qe5 15. O-O Qc7 16. a4 Be7 17. axb5 Rxb5 18. c4 Rb3 19. c5 Qb8 20. Bd4 {0-1 Brodsky,D (2497)-Wang,J (2431) US Masters op 2023 (4)}) 14... Be7 15. Kb1 O-O (15... Bf6 $11) 16. Bf3 (16. Bd3 $16 Qb7 17. Bxh6) 16... Qc4 $11 17. Ba7 {[%emt 0:01:16] [#]} (17. Bf4 $14 Rb6 18. b3) 17... Qc7 $1 18. Bxb8 Qxb8 19. Be2 b4 20. axb4 Bxb4 21. Qe3 Be7 22. Rd3 a5 $1 23. Rb3 $36 {[%emt 0:13:41][%mdl 2048] White has some pressure.} Qa8 24. Rb5 d5 25. Rh3 {[%emt 0:13:06] Strongly threatening Rg3.} a4 (25... Bd7 $11 {remains equal.} 26. Rb6 a4) 26. Qc3 (26. Rg3 $16 Bd6 27. Rg4) 26... Bd7 {[%emt 0:03:22] [#]} 27. Rg3 $1 f6 28. Qc7 Bxb5 29. Qxe7 {[%emt 0:00:15][%csl Gg3][%cal Re7g7] White attacks} Rf7 30. Qxe6 Bxe2 31. Qxe2 $14 {[%emt 0:00:05][%mdl 4096] Endgame KQR-KQR} Kh8 {[%emt 0:01:07] [#]} (31... Rb7 $14) 32. Qe6 (32. Rd3 $1 $16) 32... Rb7 33. Ka1 {[%emt 0:00:29] White is more active.} (33. Qxd5 $2 Rxb2+ 34. Kxb2 Qxd5 $19) (33. Rc3 $14 Rb8 34. Qd7) 33... Rc7 34. Kb1 (34. Rc3 $11 Rxc3 35. bxc3) 34... Rb7 35. Ka1 (35. Qxd5 $2 Rxb2+ 36. Kxb2 Qxd5 $19) ({White should play} 35. Rc3 $14 Rb8 36. Qd7) 35... Rc7 $11 36. Kb1 (36. Rc3 $11 Rxc3 37. bxc3) 36... Rb7 $14 37. Ka1 {[%emt 0:00:37] Weighted Error Value: White=0.24 (precise) /Black=0.22 (precise)   Mistake:       	White=9     	Black=4      Inaccurate:     	White=4     	Black=2      OK:         	White=6     	Black=10     Best:        	White=2     	---        Strong:       	White=1     	Black=2} (37. Qxd5 $2 {perishes.} Rxb2+ 38. Kxb2 Qxd5 $19) (37. Rc3 $14 Rb8 38. Qd7) 1/2-1/2

[Event "Budapest One Week GM-A 03-2025"]
[Site "Budapest"]
[Date "2025.03.17"]
[Round "1.4"]
[White "Mirzoev, Azer"]
[Black "Kienboeck, Benjamin"]
[Result "1-0"]
[Annotator "TA"]
[ECO "E36"]
[WhiteElo "2470"]
[BlackElo "2283"]
[PlyCount "71"]
[EventDate "2025.03.17"]
[EventType "tourn"]
[EventCountry "HUN"]
[SourceTitle "playchess.com"]
[Source "ChessBase"]
[SourceQuality "1"]
[TimeControl "5400+30"]

1. d4 Nf6 2. c4 e6 3. Nc3 Bb4 4. Qc2 d5 5. a3 Bxc3+ 6. Qxc3 O-O 7. Nf3 Ne4 8. Qc2 b6 9. e3 $1 {[%emt 0:02:03] 9.e3 is better than 9.Bf4.} Bb7 10. Bd3 {[%emt 0:05:50] E37: Nimzo-Indian: Classical: 4...d5 5 a3 Bxc3+ 6 Qxc3 Ne4.} Nd7 11. O-O f5 12. b4 {[%emt 0:00:18] White has an edge.} c6 13. Bb2 g5 $146 (13... Qe7 14. Nd2 Ndf6 15. f3 Nxd2 16. Qxd2 Rfc8 17. c5 b5 18. Qc2 Rf8 19. Bc3 a6 {1-0 Avdeeva,V (2155)-Fedorovtsev,I Chigorin Memorial 12th 2004 (8)}) 14. Ne5 Nd6 (14... Nxe5 $11 15. dxe5 g4) 15. c5 $16 Nf7 16. f4 {[%emt 0:00:37] White is much more active.} ({White should try} 16. Nxd7 $1 Qxd7 17. a4) 16... Nfxe5 17. fxe5 g4 18. a4 {[%emt 0:05:40] Black is weak on the dark squares} a5 ({Black should try} 18... bxc5 19. dxc5 (19. bxc5 a5 $16) 19... Qg5) 19. cxb6 Qxb6 {[%emt 0:00:13] [#]} 20. bxa5 Qxa5 {[%emt 0:00:28] [#]} 21. Ba3 $1 c5 22. Bb5 {[%emt 0:00:24] Dodges Bc6} ({Don't play} 22. dxc5 $6 Bc6 $14) ({But not} 22. Bxc5 Nxc5 23. dxc5 (23. Qxc5 Qd2 $16) 23... Bc6 $14) 22... Qc7 23. Bxc5 Nxc5 24. Qxc5 Qxc5 25. dxc5 Ba6 26. Rfc1 Rf7 27. c6 Rc7 28. Rab1 Bc8 29. Kf2 Kf8 30. Ke2 Ke8 31. Kd3 Kd8 32. Kd4 {[%emt 0:00:12] and Kc5 should not be overlooked} Rca7 (32... Re7 $142 33. h3 g3) 33. Kc5 $18 {[%emt 0:00:25] White is clearly winning.} Kc7 34. h3 g3 35. Rb4 Ba6 36. Rh4 {[%emt 0:01:56] Weighted Error Value: White=0.05 (flawless) /Black=0.60  Mistake:       	White=1     	Black=3      Inaccurate:     	---       	Black=4      OK:         	White=13    	Black=7      Best:        	White=2     	---} 1-0

[Event "Budapest One Week GM-A 03-2025"]
[Site "Budapest"]
[Date "2025.03.17"]
[Round "1.5"]
[White "Nagy, Gabor"]
[Black "Tahay, Alexis"]
[Result "1/2-1/2"]
[Annotator "TA"]
[ECO "A30"]
[WhiteElo "2466"]
[BlackElo "2397"]
[PlyCount "53"]
[EventDate "2025.03.17"]
[EventType "tourn"]
[EventCountry "HUN"]
[SourceTitle "playchess.com"]
[Source "ChessBase"]
[SourceQuality "1"]
[TimeControl "5400+30"]

1. c4 c5 2. Nf3 Nc6 3. d4 cxd4 4. Nxd4 Nf6 5. g3 e5 6. Nb5 {[%emt 0:00:40] A31: Symmetrical English: 2 Nf3 Nf6 3 d4.} Bb4+ 7. Bd2 a6 $1 8. Bxb4 axb5 9. Bd6 Qa5+ (9... bxc4 10. Bg2) 10. Nd2 Ne4 $1 ({Much weaker is} 10... bxc4 $6 11. Bg2 $16) 11. c5 Nxd6 12. cxd6 Qb4 13. Bg2 Qxb2 14. Rb1 {[%emt 0:13:27] White sacrificed a pawn} Qd4 $146 (14... Qxa2 15. Rxb5 O-O 16. O-O Ra5 17. Rxa5 Qxa5 18. Nc4 Qb4 19. Qd5 Re8 20. e3 b6 {0-1 Fressinet,L (2672)-Vachier Lagrave,M (2804) Wch Blitz Doha 2016 (3)}) 15. Rxb5 Qxd6 16. Bd5 (16. O-O $14) 16... O-O {[%emt 0:17:36] White should prevent ...Nd4. The position is equal.} 17. O-O Qc7 18. Ne4 Ra5 19. Rxa5 Qxa5 20. Nd6 {[%emt 0:00:44] [#]} Nd4 21. Bxf7+ Rxf7 22. Nxf7 Kxf7 23. e3 Nc6 24. Qh5+ Kf8 25. f4 e4 26. Qxh7 {[%emt 0:00:12] [#] And now Qh8+ would win.} Qxa2 27. Qxe4 {[%emt 0:05:00] Not much happened in this game.   Weighted Error Value: White=0.04 (flawless) /Black=0.04 (flawless)   Mistake:       	White=1     	---        Inaccurate:     	White=1     	Black=1      OK:         	White=10    	Black=11     Best:        	White=2     	Black=1      Strong:       	---       	Black=2} 1/2-1/2

[Event "Budapest One Week GM-A 03-2025"]
[Site "Budapest"]
[Date "2025.03.18"]
[Round "2.1"]
[White "Berczes, David"]
[Black "Tahay, Alexis"]
[Result "1/2-1/2"]
[Annotator "RC"]
[ECO "A46"]
[WhiteElo "2408"]
[BlackElo "2397"]
[PlyCount "166"]
[EventDate "2025.03.17"]
[EventType "tourn"]
[EventCountry "HUN"]
[SourceTitle "playchess.com"]
[Source "ChessBase"]
[SourceQuality "1"]
[TimeControl "5400+30"]

1. d4 Nf6 2. Nf3 e6 3. Bf4 d5 4. e3 Bd6 5. Bd3 O-O 6. O-O Bxf4 7. exf4 b6 8. Qe2 c5 9. c3 a5 10. Ne5 Ba6 11. Rd1 Nfd7 12. Na3 Nxe5 13. dxe5 Qd7 14. Nc4 Qc7 15. Nd6 f5 16. g4 fxg4 17. Qxg4 Qe7 18. f5 Bxd3 19. Rxd3 Nc6 20. f4 Kh8 21. Rh3 exf5 22. Qg6 h6 23. Kh1 Rad8 24. Nxf5 Qf7 25. Qxf7 Rxf7 26. Nxh6 gxh6 27. Rxh6+ Kg7 28. Rxc6 Rxf4 29. Rxb6 d4 30. cxd4 cxd4 31. Rg1+ Kf7 32. e6+ Kf6 33. Rg6+ Kf5 34. e7 Re8 35. Rgf6+ Kg4 36. Rfe6 Kf5 37. Rbd6 Re4 38. Rf6+ Kg5 39. Rf7 R8xe7 40. Rxe7 Rxe7 41. Rxd4 Re1+ 42. Kg2 Re2+ 43. Kg3 Rxb2 44. Rd5+ Kg6 45. Rxa5 Rd2 46. h4 Kh6 47. h5 Rc2 48. Kf3 Rd2 49. Ke3 Rc2 50. Kd3 Rf2 51. a4 Rf4 52. Kc3 Rf3+ 53. Kd4 Rf4+ 54. Ke5 Rc4 55. Kd5 Rf4 56. Ke5 Rc4 57. Kd6 Rf4 58. Ra8 Kh7 59. a5 Rf5 60. h6 Rb5 61. a6 Rb6+ 62. Kc5 Rf6 63. Kb4 Rf4+ 64. Kb5 Rf5+ 65. Kb6 Rf6+ 66. Kc7 Rf7+ 67. Kd6 Rf6+ 68. Ke7 Rc6 69. Ke8 Re6+ 70. Kd7 Rf6 71. Ke8 Re6+ 72. Kd8 Rf6 73. Kd7 Rb6 74. Kc7 Rf6 75. a7 Rf7+ 76. Kb6 Rf6+ 77. Kb5 Rf5+ 78. Kc6 Rf6+ 79. Kd7 Ra6 80. Kc7 Ra1 81. Rb8 Rxa7+ 82. Rb7 Rxb7+ 83. Kxb7 Kxh6 1/2-1/2

[Event "Budapest One Week GM-A 03-2025"]
[Site "Budapest"]
[Date "2025.03.18"]
[Round "2.2"]
[White "Kienboeck, Benjamin"]
[Black "Nagy, Gabor"]
[Result "0-1"]
[Annotator "RC"]
[ECO "C78"]
[WhiteElo "2283"]
[BlackElo "2466"]
[PlyCount "88"]
[EventDate "2025.03.17"]
[EventType "tourn"]
[EventCountry "HUN"]
[SourceTitle "playchess.com"]
[Source "ChessBase"]
[SourceQuality "1"]
[TimeControl "5400+30"]

1. e4 e5 2. Nf3 Nc6 3. Bb5 a6 4. Ba4 b5 5. Bb3 Bb7 6. O-O Nf6 7. d4 Nxd4 8. Bxf7+ Kxf7 9. Nxe5+ Kg8 10. Qxd4 c5 11. Qd1 Qe8 12. Nf3 Qxe4 13. Bg5 Qf5 14. Bxf6 Qxf6 15. Qxd7 Bxf3 16. gxf3 Rd8 17. Qh3 b4 18. f4 h5 19. Qb3+ Kh7 20. a3 Qxf4 21. axb4 Rd6 22. Qh3 cxb4 23. Ra5 g6 24. Qe3 Qg4+ 25. Kh1 Rd1 26. Nd2 Bh6 27. Qe7+ Bg7 28. Qe3 Rd8 29. h3 Rxf1+ 30. Nxf1 Qc4 31. Kg2 Rf8 32. Rc5 Qf7 33. Ng3 Bxb2 34. Ne4 Kg8 35. Qg3 Bg7 36. Ng5 Qxf2+ 37. Qxf2 Rxf2+ 38. Kg3 Rf8 39. Rc6 Be5+ 40. Kg2 Rf6 41. Rc4 a5 42. Rc5 Rf2+ 43. Kg1 Bd4 44. Rd5 Rf5+ 0-1

[Event "Budapest One Week GM-A 03-2025"]
[Site "Budapest"]
[Date "2025.03.18"]
[Round "2.3"]
[White "Uskov, Artem"]
[Black "Mirzoev, Azer"]
[Result "1-0"]
[Annotator "RC"]
[ECO "A06"]
[WhiteElo "2461"]
[BlackElo "2470"]
[PlyCount "119"]
[EventDate "2025.03.17"]
[EventType "tourn"]
[EventCountry "HUN"]
[SourceTitle "playchess.com"]
[Source "ChessBase"]
[SourceQuality "1"]
[TimeControl "5400+30"]

1. Nf3 d5 2. g3 Nf6 3. Bg2 c6 4. O-O Bf5 5. c4 e6 6. Qb3 Qb6 7. d3 Nbd7 8. cxd5 cxd5 9. Qxb6 Nxb6 10. Nc3 Bc5 11. Bf4 a6 12. Rfc1 Rc8 13. a4 O-O 14. a5 Nbd7 15. Na4 Bb4 16. Bd2 Bd6 17. h3 h6 18. Nd4 Bg6 19. Nb3 Rfd8 20. Be3 Kf8 21. Kf1 Ke7 22. Ke1 Ne8 23. Kd1 Rxc1+ 24. Rxc1 Rb8 25. Nbc5 Nxc5 26. Nxc5 Nc7 27. Na4 f6 28. Ba7 Ra8 29. Bb6 Nb5 30. Nc5 Rb8 31. e3 h5 32. Kd2 Nc7 33. Bf1 Be8 34. d4 Bb5 35. Bd3 Bxd3 36. Kxd3 Nb5 37. Rg1 Bc7 38. Bxc7 Nxc7 39. Rc1 Nb5 40. b3 Rc8 41. Rc2 Nd6 42. f3 e5 43. dxe5 fxe5 44. e4 dxe4+ 45. fxe4 g6 46. b4 Rd8 47. Ke3 Rc8 48. Kd3 Rd8 49. Ke2 Rc8 50. Rd2 Rc7 51. Rd5 Nf7 52. h4 Kf6 53. Kd3 Re7 54. Kc4 g5 55. b5 gxh4 56. gxh4 axb5+ 57. Kxb5 Nh8 58. Rd6+ Kf7 59. Rb6 Ng6 60. Rxb7 1-0

[Event "Budapest One Week GM-A 03-2025"]
[Site "Budapest"]
[Date "2025.03.18"]
[Round "2.4"]
[White "Sandoval Mercado, Carlos"]
[Black "Kairbekova, Amina"]
[Result "1-0"]
[Annotator "RC"]
[ECO "A48"]
[WhiteElo "2383"]
[BlackElo "2336"]
[PlyCount "131"]
[EventDate "2025.03.17"]
[EventType "tourn"]
[EventCountry "HUN"]
[SourceTitle "playchess.com"]
[Source "ChessBase"]
[SourceQuality "1"]
[TimeControl "5400+30"]

1. d4 Nf6 2. Nf3 g6 3. Bf4 Bg7 4. e3 O-O 5. Be2 d6 6. h3 Nc6 7. Nc3 Qe8 8. O-O e5 9. Bg3 exd4 10. exd4 Ne4 11. Nxe4 Qxe4 12. c3 Bf5 13. Nh4 Bd7 14. b4 Qe8 15. Qd2 Ne7 16. Rfe1 Qd8 17. Bd3 b5 18. a4 bxa4 19. b5 Rb8 20. Rxa4 Nc8 21. Rb4 Re8 22. Rc1 d5 23. Qa2 Bf8 24. Rbb1 Bd6 25. Qxd5 Bxg3 26. fxg3 Re3 27. Bf1 Nd6 28. Nf3 Qf6 29. g4 Qf4 30. Re1 Rbe8 31. Ne5 Ne4 32. Rxe3 Qxe3+ 33. Kh1 Be6 34. Qc6 Rd8 35. Bc4 Bxc4 36. Qxc4 Rf8 37. Nf3 Nf2+ 38. Kh2 Qf4+ 39. Kg1 Nxh3+ 40. Kf1 Re8 41. Re1 Rxe1+ 42. Kxe1 Qc1+ 43. Ke2 Qc2+ 44. Nd2 Nf4+ 45. Ke3 Nxg2+ 46. Ke2 Qc1 47. Qxc7 Qe1+ 48. Kd3 Qe3+ 49. Kc2 Ne1+ 50. Kd1 Nd3 51. Kc2 Nf2 52. Qc6 Qe2 53. Qf3 Qxf3 54. Nxf3 Nxg4 55. c4 Kf8 56. c5 Ke7 57. Kd3 f6 58. Ke4 Kd7 59. d5 Nf2+ 60. Kd4 g5 61. c6+ Kc7 62. Nd2 g4 63. Nc4 g3 64. d6+ Kb8 65. b6 axb6 66. c7+ 1-0

[Event "Budapest One Week GM-A 03-2025"]
[Site "Budapest"]
[Date "2025.03.18"]
[Round "2.5"]
[White "Lu, Maximillian"]
[Black "Jake Shanty"]
[Result "1-0"]
[Annotator "RC"]
[ECO "A37"]
[WhiteElo "2392"]
[BlackElo "2336"]
[PlyCount "99"]
[EventDate "2025.03.17"]
[EventType "tourn"]
[EventCountry "HUN"]
[SourceTitle "playchess.com"]
[Source "ChessBase"]
[SourceQuality "1"]
[TimeControl "5400+30"]

1. Nf3 c5 2. g3 Nc6 3. Bg2 g6 4. c4 Bg7 5. Nc3 e6 6. d3 Nge7 7. h4 h6 8. Bd2 d5 9. Rb1 b6 10. a3 dxc4 11. dxc4 Bb7 12. O-O Nf5 13. b4 cxb4 14. axb4 O-O 15. Qc1 h5 16. c5 bxc5 17. bxc5 Qc8 18. Bf4 Rd8 19. Ne5 Na5 20. Ne4 Nd4 21. Re1 Nab3 22. Qe3 Bd5 23. Nd6 Rxd6 24. cxd6 Nc2 25. d7 Qd8 26. Bxd5 Nxe3 27. Bxa8 Bxe5 28. Bxe5 Nc4 29. Rxb3 Nxe5 30. Rd1 Nxd7 31. Bc6 Qc7 32. Bxd7 Qc2 33. Rbd3 Qxe2 34. Bc6 a5 35. Rd8+ Kg7 36. R1d7 g5 37. hxg5 a4 38. Ra7 h4 39. gxh4 Qc4 40. Bg2 Qc1+ 41. Bf1 Qf4 42. Rdd7 Kg6 43. Rxf7 Qxh4 44. Rg7+ Kf5 45. Ra5+ e5 46. Bd3+ Ke6 47. Rg6+ Ke7 48. Ra7+ Kf8 49. Rf6+ Kg8 50. Bh7+ 1-0

[Event "Budapest One Week GM-A 03-2025"]
[Site "Budapest"]
[Date "2025.03.18"]
[Round "3.4"]
[White "Nagy, Gabor"]
[Black "Uskov, Artem"]
[Result "1/2-1/2"]
[Annotator "RC"]
[ECO "D45"]
[WhiteElo "2466"]
[BlackElo "2461"]
[PlyCount "21"]
[EventDate "2025.03.17"]
[EventType "tourn"]
[EventCountry "HUN"]
[SourceTitle "playchess.com"]
[Source "ChessBase"]
[SourceQuality "1"]
[TimeControl "5400+30"]

1. d4 Nf6 2. c4 e6 3. Nf3 d5 4. Nc3 c6 5. e3 Nbd7 6. Qc2 Bd6 7. Bd3 O-O 8. O-O dxc4 9. Bxc4 a6 10. a4 h6 11. Rd1 1/2-1/2